 Dungeon Crawl Stone Soup version 0.26.0-10-g1f06aea511 (webtiles) character file.

Game seed: 5764799031081228073

282 Borgoz the Slasher (level 6, -1/51 HPs)
             Began as a Ghoul Gladiator on Jan 15, 2021.
             Slain by Grinder (10 damage)
             ... on level 4 of the Dungeon.
             The game lasted 00:03:09 (2881 turns).

Borgoz the Slasher (Ghoul Gladiator)                Turns: 2881, Time: 00:03:09

Health: -1/51      AC:  7    Str: 18    XL:     6   Next: 28%
Magic:  5/5        EV: 13    Int:  3    God:
Gold:   187        SH:  0    Dex: 12    Spells: 5/5 levels left

rFire    . . .     SeeInvis .   a - +0 long sword
rCold    + . .     Faith    .   (no shield)
rNeg     + + +     Spirit   .   b - +0 leather armour
rPois    ∞         Reflect  .   c - +0 helmet
rElec    .         Harm     .   (no cloak)
rCorr    .         Rampage  .   (no gloves)
Will     .....                  q - +2 pair of boots
Stlth    +.........             (no amulet)
HPRegen  0.00/turn              (no ring)
MPRegen  0.09/turn              (no ring)

@: mighty, brilliant
A: claws 1, cold resistance 1, negative energy resistance 3, inhibited
regeneration, torment resistance, unbreathing
a: no special abilities


You were on level 4 of the Dungeon.
You visited 1 branch of the dungeon, and saw 4 of its levels.

You collected 187 gold pieces.

Inventory:

Hand Weapons
 a - a +0 long sword (weapon)
Missiles
 d - 5 throwing nets (quivered)
Armour
 b - a +0 leather armour (worn)
 c - a +0 helmet (worn)
 q - a +2 pair of boots (worn)
Jewellery
 m - an uncursed amulet of the acrobat {unknown}
 p - an uncursed ring of ice
Wands
 t - a wand of digging (2)
Scrolls
 e - 4 scrolls of remove curse {unknown}
 f - 11 scrolls of identify {unknown}
 h - a scroll of amnesia {unknown}
 j - 4 scrolls of blinking {unknown}
 n - 3 scrolls of teleportation {unknown}
 o - a scroll of enchant armour {unknown}
 r - a scroll of magic mapping {unknown}
 v - a scroll of random uselessness {unknown}
 w - 2 scrolls of enchant weapon {unknown}
Potions
 g - a potion of magic {unknown}
 i - a potion of ambrosia
 k - a potion of flight {unknown}
 l - a potion of brilliance
 u - a potion of attraction {unknown}
 x - a potion of lignification {unknown}


   Skills:
 + Level 3.4 Fighting
 * Level 4.1 Long Blades
 - Level 1.7 Throwing
 * Level 3.0 Armour
 + Level 3.5 Dodging


You had 5 spell levels left.
You didn't know any spells.
Your spell library was empty.

Dungeon Overview and Level Annotations

Branches:
Dungeon (4/15)
 Temple: D:4-7

Altars:
Zin

Annotations:
D:4 Grinder


Innate Abilities, Weirdness & Mutations

You thrive by killing the living.
You are immune to poison.
You have sharp fingernails.
Your flesh is cold resistant. (rC+)
You are immune to negative energy. (rN+++)
You do not regenerate when monsters are visible.
You are immune to unholy pain and torment.
You can survive without breathing.


Message History

Grinder is no longer moving quickly.
Grinder gestures at you.
You suddenly lose the ability to move!
Grinder hits you!
You can move again.
You closely miss Grinder.
Grinder is moderately wounded.
Grinder hits you!
* * * LOW HITPOINT WARNING * * *
You slash Grinder!
Grinder is heavily wounded.
Grinder barely misses you.
You hit Grinder.
Grinder is heavily wounded.
Grinder hits you.
* * * LOW HITPOINT WARNING * * *
You slash Grinder!
Grinder is almost dead.
Grinder completely misses you. Grinder hits you!
You die...

#. # #. #.#. ########
###.#.##......###
#....................#
<..................#
#...........†.@....#
+.............5....#
......#####......#
..>............#.
######.#####..##.###.
#.............##.###.#
#.####................
#####..........#.###
#..............####+##


You could see Grinder.

Vanquished Creatures
  A phantom (D:4)
  A scorpion (D:4)
  A worker ant (D:4)
  5 adders
  An adder skeleton (D:4)
  2 worms
  4 dart slugs (D:1)
  A leopard gecko (D:2)
  6 orcs (D:3)
  2 ball pythons
  A giant cockroach (D:1)
  8 goblins
  3 hobgoblins
  A jackal (D:1)
  10 kobolds
  6 bats
  4 frilled lizards
  8 rats
65 creatures vanquished.

Vanquished Creatures (others)
  14 plants (D:3)
14 creatures vanquished.

Grand Total: 79 creatures vanquished

Notes
Turn   | Place    | Note
-------+----------+-------------------------------------------
     0 | D:1      | Borgoz the Ghoul Gladiator began the quest for the Orb.
     0 | D:1      | Reached XP level 1. HP: 17/17 MP: 0/0
    82 | D:1      | Reached XP level 2. HP: 24/24 MP: 1/1
   152 | D:1      | Reached skill level 3 in Long Blades
   152 | D:1      | Reached skill level 1 in Armour
   377 | D:1      | Reached XP level 3. HP: 21/30 MP: 2/2
   904 | D:2      | Found a glowing silver altar of Zin.
  1719 | D:3      | Reached XP level 4. HP: 37/37 MP: 3/3
  2454 | D:4      | Reached XP level 5. HP: 34/45 MP: 4/4
  2538 | D:4      | Noticed a phantom
  2747 | D:4      | Killed a phantom
  2748 | D:4      | Reached skill level 4 in Long Blades
  2748 | D:4      | Reached XP level 6. HP: 44/51 MP: 5/5
  2833 | D:4      | Noticed Grinder
  2842 | D:4      | Paralysed by Grinder for 6 turns
  2861 | D:4      | HP: 1/51 [Grinder (9)]
  2874 | D:4      | Paralysed by Grinder for 4 turns
  2881 | D:4      | Slain by Grinder

Illustrated notes

Levels and vault maps discovered:
D:1:      evilmike_arrival_home_sweet_home, layout_loops_ring,
          minmay_indecisive_spiral
D:2:      layout_basic, zin_statuary
D:3:      layout_basic, serial_bayou_lagoon_b
D:4:      layout_basic, minmay_temple_entry_butterflies, serial_shops,
          shop_coins, uniq_grinder

Skill      XL: |  1  2  3  4  5  6 |
---------------+-------------------+-----
Long Blades    | 3 4 |  4.1
Armour         | 1 2 3 |  3.0
Dodging        | 3 |  3.5
Fighting       | 3 |  3.4
Throwing       | |  1.7

Action                   |  1- 3 |  4- 6 || total
-------------------------+-------+-------++-------
Melee: Long sword        |   113 |   113 ||   226
  Use: Potion            |       |     7 ||     7
Armor: Leather armour    |    39 |    44 ||    83
Dodge: Dodged            |    88 |    86 ||   174
       Rpst.: Long sword |    27 |    25 ||    52
